 Dungeon Crawl Stone Soup version 0.28-b1-25-g9875b3fc8c (webtiles) character file.

Game seed: 14459227245624179537

321 cayde69 the Skirmisher (level 6, 0/56 HPs)
             Began as a Minotaur Fighter on Feb 1, 2022.
             Asphyxiated
             ... on level 4 of the Dungeon.
             The game lasted 00:08:52 (2509 turns).

cayde69 the Skirmisher (Minotaur Fighter)           Turns: 2509, Time: 00:08:53

Health: 0/56       AC:  8    Str: 23    XL:     6   Next: 22%
Magic:  5/5        EV:  9    Int:  5    God:
Gold:   95         SH:  5    Dex: 15    Spells: 5/5 levels left

rFire   . . .      SeeInvis .   o - +0 club (spect)
rCold   . . .      Faith    .   c - +0 buckler
rNeg    . . .      Spirit   .   b - +0 scale mail
rPois   .          Reflect  .   (helmet restricted)
rElec   .          Harm     .   (no cloak)
rCorr   .          Rampage  .   f - +0 pair of gloves
Will    .....                   (no boots)
Stlth   ..........              (no amulet)
HPRegen 0.18/turn               d - +6 ring of dexterity
MPRegen 0.09/turn               (no ring)

@: lethally poisoned (0 -> -11)
A: horns 2, retaliatory headbutt
a: no special abilities


You were on level 4 of the Dungeon.
You visited 1 branch of the dungeon, and saw 4 of its levels.

You collected 95 gold pieces.

Inventory:

Hand Weapons
 a - a +0 war axe
 o - a +0 spectral club (weapon)
Missiles
 e - 53 bolts
Armour
 b - a +0 scale mail (worn)
 c - a +0 buckler (worn)
 f - a +0 pair of gloves (worn)
Jewellery
 d - a +6 ring of dexterity (left hand)
Scrolls
 g - a scroll of teleportation
 h - a scroll of amnesia {unknown}
 j - 3 scrolls of fog {unknown}
 k - a scroll of blinking {unknown}
 n - a scroll of identify {unknown}
Potions
 i - a potion of resistance {unknown}
 l - a potion of mutation {unknown}
 m - 2 potions of cancellation
 p - a potion of lignification {unknown}


   Skills:
 + Level 5.5 Fighting
 - Level 2.4(2.6) Axes
 * Level 1.4(2.1) Maces & Flails
 + Level 5.5 Armour
 - Level 0.4 Dodging
 - Level 0.2 Stealth
 + Level 5.5 Shields


You had 5 spell levels left.
You didn't know any spells.
Your spell library contained the following spells:

 Spells                   Type           Power      Damage    Failure   Level
 Dazzling Flash           Conj/Hex       0%         N/A       99%         3
 Iskenderun's Mystic Bla  Conj/Tloc      0%         2d3       100%        4
 Starburst                Conj/Fire      0%         6d3       100%        6


Dungeon Overview and Level Annotations

Branches:
Dungeon (4/15)
 Temple: D:4-7

Altars:

Shops:
D:1 (*

Annotations:
D:4 Menkaure


Innate Abilities, Weirdness & Mutations

You have a pair of horns on your head.
You reflexively headbutt those who attack you in melee.


Message History

Menkaure shouts, "The curse of the Pharaohs be upon you!"
Menkaure hits you!
You are too injured to fight recklessly!
You are too injured to fight recklessly!
You are too injured to fight recklessly!
Menkaure hits you but does no damage. x2
As you read the scroll of teleportation, it crumbles to dust.
You feel strangely unstable. Menkaure hits you!
* * * LOW HITPOINT WARNING * * *
Menkaure calls on the powers of darkness!
Your body is wracked with pain!
* * * LOW HITPOINT WARNING * * *
The black bear convulses!
The ogre convulses!
Your surroundings suddenly seem different.
A kobold brigand, an ufetubus and a kobold come into view.
The kobold brigand is wielding a +0 club and quivering curare-tipped darts.
Found a scroll labelled SUFAILIDOUT.
The kobold brigand shouts!
The ufetubus shouts!
The kobold brigand throws a curare-tipped dart.
The curare-tipped dart barely misses you.
The ufetubus hits you but does no damage.
You block the ufetubus's attack. The ufetubus hits you.
* * * LOW HITPOINT WARNING * * *
The ufetubus hits you but does no damage.
A kobold comes into view. It is wielding a +0 short sword.
The kobold shouts!
The ufetubus closely misses you. The ufetubus barely misses you.
The kobold throws a stone.
The stone closely misses you.
The ufetubus hits you but does no damage. x2
Found a stone staircase leading down.
The ufetubus completely misses you. You furiously retaliate!
You headbutt the ufetubus.
The ufetubus hits you but does no damage.
The kobold throws a stone.
The stone hits you but does no damage. You block the ufetubus's attack.
The ufetubus closely misses you.
The kobold brigand throws a curare-tipped dart.
The curare-tipped dart hits you.
You are lethally poisoned!
You have difficulty breathing.
You die...

#............
####..........### ..
....?............ ...
..............# #...
..............###...>
...........K.........
.......#####...............#
....... #....5.###.........#
........K.###@## #.........#
........# #.# #......>..#
.....#. #.. #.........#
#...... ##.# #.........#
....... .. #.......####
#.###..........# .
#.#...##......<# .. #...
###M......# ...####..#
#.h.....###


You could see a kobold brigand and an ufetubus.

Vanquished Creatures
  A necrophage (D:3)
  A phantom (D:2)
  A hound (D:3)
  Jessica (D:3)
  6 adders
  A worm (D:2)
  A dart slug (D:2)
  7 bats
  3 endoplasms
  4 giant cockroaches
  5 goblins (D:1)
  6 hobgoblins
  2 quokkas
  3 ball pythons
  5 frilled lizards
  5 kobolds
  10 rats
62 creatures vanquished.

Notes
Turn   | Place    | Note
-------+----------+-------------------------------------------
     0 | D:1      | cayde69 the Minotaur Fighter began the quest for the Orb.
     0 | D:1      | Reached XP level 1. HP: 19/19 MP: 0/0
   139 | D:1      | Found Ukleilog's Weapon Shop.
   221 | D:1      | Found Affiebex's Assorted Antiques.
   271 | D:1      | Reached XP level 2. HP: 27/27 MP: 1/1
   689 | D:2      | Reached XP level 3. HP: 31/33 MP: 2/2
   815 | D:2      | Noticed a phantom
   897 | D:2      | Killed a phantom
   898 | D:2      | Reached XP level 4. HP: 31/41 MP: 3/3
  1258 | D:2      | Found a faded altar of an unknown god.
  1327 | D:2      | Reached skill level 5 in Shields
  1363 | D:2      | Reached skill level 5 in Fighting
  1363 | D:2      | Reached XP level 5. HP: 43/48 MP: 4/4
  1969 | D:3      | Noticed Jessica
  1976 | D:3      | Killed Jessica
  1977 | D:3      | Reached skill level 5 in Armour
  2119 | D:3      | Noticed a necrophage
  2130 | D:3      | Killed a necrophage
  2131 | D:3      | Reached skill level 1 in Maces & Flails
  2131 | D:3      | Reached XP level 6. HP: 56/56 MP: 5/5
  2480 | D:4      | Noticed Menkaure
  2509 | D:4      | Asphyxiated

Illustrated notes

Levels and vault maps discovered:
D:1:      ebering_trefoil_twist, layout_rooms, serial_shops,
          nicolae_shop_hallway_plus, nicolae_square_shop, st_stairs_11,
          minivault_25
D:2:      kb_forest_paths, layout_basic,
          hellmonk_ecumenical_altar_leap_of_faith, dk_noncrumbling_4
D:3:      layout_loops_corners, uniq_jessica
D:4:      layout_rooms, minmay_cut_off, uniq_menkaure

Skill      XL: |  1  2  3  4  5 |
---------------+----------------+-----
Fighting       | 4 5 |  5.5
Armour         | 4 5 |  5.5
Shields        | 4 5 |  5.5
Maces & Flails | 1 |  1.4
Axes           | |  2.4
Dodging        | |  0.4
Stealth        | |  0.2

Action                   |  1- 3 |  4- 6 || total
-------------------------+-------+-------++-------
Melee: War axe           |    69 |    47 ||   116
       Headbutt          |     4 |     9 ||    13
       Club              |       |    22 ||    22
  Use: Potion            |     1 |     1 ||     2
       Scroll            |     1 |     1 ||     2
Armor: Scale mail        |    30 |    39 ||    69
Dodge: Dodged            |    28 |    36 ||    64
Block: Buckler           |    17 |    22 ||    39
